Map: Pillars of Gold LE

Players

Slaight - Winner!

  • Race: Protoss Protoss
  • League: Platinum
  • Spawn Location: 7:00

VOD

Have the link to the VOD?

Description

Time

  • Played on: July 24, 2020, 2:16 a.m.
  • Length: 8:24
Show
View Real Time Build Order
Export as new Build Order

Slaight Protoss - Winner!

Build Orders:  

Get SALT Encoding   

  12  0:04  Probe (Chrono Boost)  
  14  0:21  Probe (Chrono Boost)  
  14  0:27  Pylon  
  14  0:38  Probe (Chrono Boost)  
  15  0:44  Assimilator  
  15  0:55  Probe (Chrono Boost)  
  17  1:11  Forge  
  17  1:12  Probe (Chrono Boost)  
  17  1:15  Gateway  
  17  1:29  Probe (Chrono Boost)  
  18  1:46  Probe (Chrono Boost)  
  19  2:03  Probe (Chrono Boost)  
  20  2:10  Nexus  
  21  2:23  Cybernetics Core  
  21  2:30  Probe (Chrono Boost)  
  21  2:36  Assimilator  
  21  2:46  Pylon  
  22  2:51  Probe (Chrono Boost)  
  22  3:08  Probe (Chrono Boost)  
  25  3:31  Robotics Facility  
  25  3:42  Stalker, Probe (Chrono Boost)  
  25  3:44  Unknown  
  26  3:59  Probe (Chrono Boost)  
  29  4:03  Probe (Chrono Boost)  
  29  4:05  Twilight Council  
  30  4:17  Probe (Chrono Boost)  
  27  4:20  Probe (Chrono Boost)  
  32  4:23  Warp Gate  
  32  4:25  Warp Prism  
  35  4:40  Probe (Chrono Boost)  
  35  4:47  Probe (Chrono Boost)  
  36  5:00  Immortal  
  36  5:15  Probe (Chrono Boost)  
  36  5:17  Probe (Chrono Boost)  
  42  5:42  Immortal  
  42  5:54  Gateway  
  42  5:55  Gateway  
  46  6:02  Charge  
  46  6:05  Pylon  
  46  6:07  Pylon  
  46  6:26  Gateway  
  46  6:27  Gateway  
  46  6:36  Pylon  
  46  7:07  Zealot  
  48  7:14  Zealot x2  
  52  7:42  Zealot  
  52  7:43  Zealot x3  
  60  7:56  Gateway  
  60  7:57  Gateway  
  60  8:00  Zealot, Gateway  
  62  8:10  Unknown  
  62  8:16  Zealot  
  62  8:17  Zealot x3  
Tags
 
Add a new tag
Caveats
  • Supply blocks, unpowered buildings, or Contaminate may cause inaccurate times.
  • Supply counts are checked every 10 seconds.